 Dungeon Sprint DCSS version 0.20-a0-785-g17250f0 (webtiles) character file.

293579 esc the Conqueror (level 20, 0/196 (197) HPs)
             Began as a Demonspawn Gladiator on Feb 27, 2017.
             Was the Champion of Wu Jian.
             Killed from afar by an ancient lich (13 damage)
             ... with an iron shot
             ... in the Dungeon (Sprint VII: "The Pits").
             The game lasted 01:47:15 (11625 turns).

esc the Conqueror (Demonspawn Gladiator)           Turns: 11625, Time: 01:47:16

HP:   0/196 (197)   AC: 52    Str: 29    XL:     20   Next: 35%
MP:   37/37         EV: 45    Int: 11    God:    Wu Jian [******]
Gold: 189           SH: 29    Dex: 31    Spells: 28/28 levels left

rFire    + . .     SeeInvis .   V - +16 lance "Wyrmbane" {slay drac, rPois rF+ rC+ AC+3}
rCold    + + .     Gourm    .   M - +10 plate armour {ponderous}
rNeg     . . .     Faith    .   n - +0 large shield
rPois    +         Spirit   .   (helmet unavailable)
rElec    +         Reflect  .   L - +2 cloak {MR+}
rCorr    .         Harm     .   w - +2 pair of gloves "Meh Ryve" {Dex+2}
MR       ++...     NoTele   +   H - +1 pair of boots
Stlth    ..........             b - amulet "Zueqawa" {+Rage rC+ Slay+6}
Regen    0.5/turn               R - ring of Ephemeral Luck {-Tele rElec EV+6 Dex+3}
MPRegen  0.3/turn               X - ring of Houlow {AC+6 Str+4}

@: mighty, agile, exhausted, glowing, heaven on earth, slow
A: horns 3, thin skeletal structure 3, clumsy 1, demonic guardian 2, powered by
pain 2
}: 1/15 runes: silver
a: Serpent's Lash, Heaven On Earth, Renounce Religion, Evoke Berserk Rage


You were in the Dungeon.
You worshipped Wu Jian.
Wu Jian was exalted by your worship.
You were very full.

You visited 1 branch You collected 189 gold pieces.

Inventory:

Hand Weapons
 V - the +16 lance "Wyrmbane" (weapon) {slay drac, rPois rF+ rC+ AC+3}
   (You took it off a wizard in the Dungeon)

   It affects your AC (+3).
   It protects you from fire.
   It protects you from cold.
   It protects you from poison.
Missiles
 a - 5 tomahawks
 d - 6 throwing nets {=f, !d}
 u - 9 stones (quivered)
Armour
 n - a +0 large shield (worn)
   (You took it off a naga warrior in the Dungeon)
 w - the +2 pair of gloves "Meh Ryve" (worn) {Dex+2}
   (You found it in the Dungeon)

   It affects your dexterity (+2).
 H - a +1 pair of boots (worn)
   (You found it in the Dungeon)
 L - a +2 cloak of magic resistance (worn)
   (You took it off Nikola in the Dungeon)
 M - a +10 plate armour of ponderousness (worn)
   (You found it in the Dungeon)
Jewellery
 b - the amulet "Zueqawa" (around neck) {+Rage rC+ Slay+6}
   (You found it in the Dungeon)

   [amulet of rage]

   It affects your accuracy and damage with ranged weapons and melee attacks
   (+6).
   It protects you from cold.
   It lets you go berserk.
 c - the amulet "Acuryi Saga" {*Contam +Fly Regen+ Str+10 SInv}
   (You found it in the Dungeon)

   [amulet of regeneration]

   It affects your strength (+10).
   It lets you see invisible.
   It lets you fly.
   It causes magical contamination when unequipped.
   It increases your rate of regeneration.
 K - the ring of Noon {Int+3 Dex+7 Slay+5}
   (You found it in the Dungeon)

   [ring of slaying]

   It affects your intelligence (+3).
   It affects your dexterity (+7).
   It affects your accuracy and damage with ranged weapons and melee attacks
   (+5).
 Q - the ring of Urachos {rPois rF+ rN+ Str+7 Int-4}
   (You found it in the Dungeon)

   [ring of protection from fire]

   It affects your strength (+7).
   It affects your intelligence (-4).
   It protects you from fire.
   It protects you from poison.
   It protects you from negative energy.
 R - the ring of Ephemeral Luck (right hand) {-Tele rElec EV+6 Dex+3}
   (You found it in the Dungeon)

   [ring of evasion]

   It affects your evasion (+6).
   It affects your dexterity (+3).
   It insulates you from electricity.
   It prevents most forms of teleportation.
 S - the ring "Zeil" {rC++ rN+ Int-3 Slay+2 SInv}
   (You found it in the Dungeon)

   [ring of see invisible]

   It affects your intelligence (-3).
   It affects your accuracy and damage with ranged weapons and melee attacks
   (+2).
   It greatly protects you from cold.
   It protects you from negative energy.
   It lets you see invisible.
 T - the amulet "Kuikeu" {Reflect rF+++ Str-5 Int+4 Dex+3 SH+6}
   (You found it in the Dungeon)

   [amulet of reflection]

   It shields you and reflects attacks.
   It affects your strength (-5).
   It affects your intelligence (+4).
   It affects your dexterity (+3).
   It renders you almost immune to fire.
   It affects your SH (+6).
 X - the ring of Houlow (left hand) {AC+6 Str+4}
   (You took it off a vault guard in the Dungeon)

   [ring of protection]

   It affects your AC (+6).
   It affects your strength (+4).
Wands
 z - a wand of iceblast (3/15)
   (You found it in the Dungeon)
Scrolls
 k - 6 scrolls of blinking {!r}
 o - 3 scrolls of remove curse
 p - 5 scrolls of amnesia
 q - a scroll of summoning
 r - 3 scrolls of vulnerability {!r!r}
 E - 7 scrolls of identify
 F - 2 scrolls of fog
 G - 2 scrolls of fear
 I - 5 scrolls of recharging
 W - 3 scrolls of enchant armour
 Y - a scroll of enchant weapon
 Z - a scroll of immolation {!r}
Potions
 e - 20 potions of curing
 g - 17 potions of heal wounds
 h - a potion of ambrosia
 i - 4 potions of magic
 j - 4 potions of berserk rage {!q}
 l - 2 potions of flight
 m - 2 potions of invisibility
 v - 2 potions of agility
 x - 4 potions of brilliance
 A - 6 potions of mutation {!q}
 B - 5 potions of resistance
 C - 3 potions of haste
 N - a potion of lignification {!q}
 U - a potion of might
Miscellaneous
 y - a lightning rod (4/4)
   (You found it in the Dungeon)
 O - a phantom mirror
 P - 2 boxes of beasts
Comestibles
 s - 41 fruits
 t - 9 meat rations {@e2}
 J - 7 royal jellies


   Skills:
 O Level 27 Fighting
 O Level 27 Polearms
 + Level 5.2 Throwing
 O Level 27 Armour
 O Level 27 Dodging
 O Level 27 Shields
 + Level 4.7 Unarmed Combat
 + Level 4.8 Spellcasting
 O Level 27 Evocations


You had 28 spell levels left.
You didn't know any spells.

Dungeon Overview and Level Annotations

Branches:
Dungeon (1/1)

Altars:
Ashenzari
Cheibriados
Dithmenos
Elyvilon
Fedhas
Gozag
Hepliaklqana
Kikubaaqudgha
Makhleb
Nemelex Xobeh
Okawaru
Qazlal
Ru
Sif Muna
Trog
Uskayaw
Vehumet
Wu Jian
Xom
Yredelemnul
Zin
The Shining One
Beogh
Jiyva
Lugonu

Annotations:
D exclusions: 12 doors and 1 more exclusion


Innate Abilities, Weirdness & Mutations

You have a pair of large horns on your head.
You have an unnaturally thin skeletal structure. (Dex +6, Stealth++)
A demonic guardian rushes to your aid.
You sometimes gain power by taking damage.
You are clumsy. (Dex -2)


Message History

The bolt of lightning misses you.
The curse toe gestures.
The golden dragon completely misses you.
The golden dragon closely misses you.
The golden dragon tramples you but does no damage.
You spin and attack the wandering mushroom repeatedly!
You impale the wandering mushroom!! You hit the wandering mushroom.
The wandering mushroom seems to slow down as you strike a pressure point.
You spin and attack the golden dragon repeatedly!
You puncture the golden dragon!
The golden dragon convulses!
You hit the golden dragon but do no damage.
The golden dragon convulses!
You spin and attack the Hell Sentinel repeatedly!
You impale the Hell Sentinel!!
Your plate armour prevents you from hitting the Hell Sentinel.
You spin and attack the electric golem repeatedly!
You miss the electric golem.
Your headbutt misses the electric golem.
You puncture the electric golem! You impale the electric golem!!
You block the electric golem's attack. The electric golem misses you.
You block the electric golem's attack.
The electric golem completely misses you. x2
You block the electric golem's attack. x2
The electric golem completely misses you.
The wandering mushroom closely misses you.
The curse toe gestures.
The Hell Sentinel gestures at you. The iron shot hits you!
You focus on the pain.
You feel agile all of a sudden.
The deathcap draws from the surrounding life force!
You see here a titan corpse.
You take 55 damage, and have 70/196 hp.
MASSIVE DAMAGE!!
Unknown command.
Really read
k - 6 scrolls of blinking {!r}?
You cannot teleport because you are wearing the ring of Ephemeral Luck {-Tele rElec EV+6 Dex+3}.
Unknown command.
Okay, then.
Unknown command.
You barely miss the electric golem. You headbutt the electric golem.
The electric golem crackles and sizzles.
The electric golem hits you but does no damage.
You block the electric golem's attack. x3
You puncture the electric golem!
You destroy the electric golem!
The Council accepts your kill.
Your Throwing skill increases to level 5!
Your Unarmed Combat skill increases to level 4!
Your Spellcasting skill increases to level 4!
You block the wandering mushroom's attack.
The curse toe calls on the powers of darkness!
The golden dragon convulses!
Your body is wracked with pain!
* * * LOW HITPOINT WARNING * * *
You focus on the pain.
You feel very mighty all of a sudden.
You block the wandering mushroom's attack. x2
The deathcap draws from the surrounding life force!
* * * LOW HITPOINT WARNING * * *
Unknown command.
Unknown command.
You take 47 damage, and have 23/196 hp.
MASSIVE DAMAGE!!
Unknown command.
Unknown command.
Unknown command.
Unknown command.
You spin and attack the deathcap repeatedly!
You impale the deathcap!!
You perforate the deathcap like a sieve!!!
You destroy the deathcap!
You spin and attack the Hell Sentinel repeatedly!
You hit the Hell Sentinel but do no damage.
Your headbutt misses the Hell Sentinel. You puncture the Hell Sentinel!
The Hell Sentinel gestures at you. The iron shot misses you.
The iron shot hits the wandering mushroom.
The wandering mushroom is destroyed!
You block the wandering mushroom's attack.
The golden dragon breathes cold at you.
The bolt of cold hits the ancient lich.
The ancient lich resists.
The bolt of cold misses you.
The air is filled with shimmering golden clouds!
You feel the urge to strike!
Sifu Gene Jian Bin says: The storm will not ease as long as you keep fighting, disciple!
The Hell Sentinel is no longer moving slowly.
The ancient lich mumbles some strange words.
The ancient lich flickers and vanishes for a moment.
You block the wandering mushroom's attack.
The golden dragon breathes cold at you.
The bolt of cold hits the ancient lich.
The ancient lich resists.
The bolt of cold hits you! You resist.
* * * LOW HITPOINT WARNING * * *
You block the Hell Sentinel's attack. The Hell Sentinel misses you.
You take 11 damage, and have 12/196 hp.
You spin and attack the ancient lich repeatedly!
You impale the ancient lich!! You headbutt the ancient lich.
You hit the ancient lich.
The wandering mushroom is no longer moving slowly.
The ancient lich gestures at you while chanting.
The iron shot hits you!
You die...

...... ##.........##
...... ##...........##
.###.
#.............#....###...
#.................##.....
#................##......
#...§§D§§§§......#.......
#...§.§ff§§......#.......
#....fzL@§§......#.......
#....f1§§§§...)..##......
#....§f§§§§...)...##.....
#....§f§§§....#....###...
##...........###.....###%
##.........## ##........
##.......## ##.......
######### ########
##########################


You could see a Hell Sentinel, a golden dragon, an ancient lich (invisible), a
curse toe, a deathcap and 2 wandering mushrooms.

Vanquished Creatures
  Dissolution (D)
  Ereshkigal (D)
  3 orbs of fire (D)
  6 pandemonium lords (D)
  A greater mummy (D)
  Boris (D)
  the Lernaean hydra (D)
  3 curse toes (D)
  2 Killer Klowns (D)
  Nikola (D)
  A bone dragon (D)
  Jory (D)
  2 electric golems (D)
  2 Tzitzimimeh (D)
  2 Brimstone Fiends (D)
  A Hell Sentinel (D)
  Rupert (D)
  A hellephant (D)
  A tentacled monstrosity (D)
  A lich (D)
  3 titans (D)
  2 deep elf master archers (D)
  24 Orb Guardians (D)
  A deep elf blademaster (D)
  2 quicksilver dragons (D)
  2 Executioners (D)
  A death cob (D)
  2 sphinxes (D)
  2 storm dragons (D)
  A shadow dragon (D)
  Ilsuiw (D)
  A fire giant (D)
  6 nagarajas (D)
  2 azure jellies (D)
  3 balrugs (D)
  A ghost moth (D)
  A deep elf sorcerer (D)
  2 iron dragons (D)
  3 orc warlords (D)
  An emperor scorpion (D)
  Louise (D)
  A draconian scorcher (D)
  A draconian stormcaller (D)
  3 reapers (D)
  A spriggan defender (D)
  A draconian annihilator (D)
  2 war gargoyles (D)
  2 vampire knights (D)
  An ophan (D)
  A black draconian (D)
  2 deep elf annihilators (D)
  4 red draconians (D)
  3 apis (D)
  3 white draconians (D)
  3 purple draconians (D)
  A merfolk javelineer (D)
  An ettin (D)
  A fire dragon (D)
  A green death (D)
  A minotaur (D)
  A death ooze (D)
  A merfolk impaler (D)
  Josephine (D)
  2 mummy priests (D)
  A great orb of eyes (D)
  An ogre mage (D)
  3 deep elf high priests (D)
  16 vault guards (D)
  A yaktaur captain (D)
  Harold (D)
  5 spriggan air magi (D)
  An ice dragon (D)
  A hell beast (D)
  A hydra (D)
  3 naga warriors (D)
  2 alligators (D)
  3 death knights (D)
  An anaconda (D)
  A two-headed ogre (D)
  A deep troll shaman (D)
  A death yak (D)
  2 spriggan berserkers (D)
  3 sun demons (D)
  4 vampire magi (D)
  19 hell knights (D)
  An iron troll (D)
  A soul eater (D)
  A deep elf knight (D)
  A sixfirhy (D)
  A shadow wraith (D)
  3 cherubim (D)
  A spriggan druid (D)
  A sea snake (D)
  3 deep trolls (D)
  An unseen horror (shapeshifter) (D)
  2 swamp dragons (D)
  14 necromancers (D)
  9 wizards (D)
  11 orc knights (D)
  2 phantasmal warriors (D)
  A wolf spider (D)
  2 deep elf magi (D)
  2 ugly things (D)
  An elephant (D)
  A rust devil (D)
  An eye of devastation (D)
  3 merfolk sirens (D)
  A gargoyle (D)
  A molten gargoyle (D)
  A smoke demon (D)
  2 hellions (D)
  2 yaktaurs (D)
  A komodo dragon (D)
  An efreet (D)
  2 tormentors (D)
  2 ice devils (D)
  5 red devils (D)
  A hellwing (D)
  2 merfolk (D)
  A tyrant leech (D)
  A troll (D)
  A polar bear (D)
  3 blink frogs (D)
  2 wind drakes (D)
  A snapping turtle (D)
  6 dream sheep (D)
  2 redbacks (D)
  5 wraiths (D)
  A tarantella (D)
  2 spriggans (D)
  A vampire (D)
  10 humans (D)
  4 yaks (D)
  A golden eye (D)
  A fire elemental (D)
  A large abomination (D)
  A basilisk (D)
  A chaos spawn (D)
  2 vampire mosquitoes (D)
  5 insubstantial wisps (D)
  2 wargs (D)
  2 hell hounds (D)
  3 floating eyes (D)
  4 orc warriors (D)
  An eye of draining (D)
  A centaur (D)
  A crocodile (D)
  A big kobold (D)
  An earth elemental (D)
  A gnoll sergeant (D)
  A small abomination (D)
  3 wights (D)
  A crimson imp (D)
  A hound (D)
  4 orc priests (D)
  An iguana (D)
  An orc wizard (D)
  A worker ant (D)
  2 gnolls (D)
  An adder (D)
  3 river rats (D)
  An ufetubus (D)
  An ooze (D)
  2 adder zombies (D)
  A leopard gecko (D)
  11 orcs (D)
  A frilled lizard (D)
  A giant cockroach zombie (D)
  A kobold (D)
  A leopard gecko simulacrum (D)
  A quokka zombie (D)
397 creatures vanquished.

Vanquished Creatures (collateral kills)
  Frederick (D)
  A pandemonium lord (D)
  A lich (D)
  2 Orb Guardians (D)
  A deep elf blademaster (D)
  A storm dragon (D)
  A nagaraja (D)
  A deep elf sorcerer (D)
  A black draconian (D)
  A purple draconian (D)
  A white draconian (D)
  A minotaur (D)
  A fire dragon (D)
  A naga warrior (D)
  A dancing weapon (D)
  2 hell knights (D)
  A shadow wraith (D)
  A lindwurm (D)
  2 orc knights (D)
  A deep elf mage (D)
  A naga mage (D)
  A rime drake (D)
  A yaktaur (D)
  A hellwing (D)
  2 red devils (D)
  A human (D)
  A vampire mosquito (D)
  A warg (D)
  A hell hound (D)
  A floating eye (D)
  A scorpion (D)
  2 orc wizards (D)
  A hound (D)
  An adder skeleton (D)
  3 orcs (D)
  A bat (D)
  A bat skeleton (D)
  A ball python (D)
45 creatures vanquished.

Vanquished Creatures (others)
  An eye of draining (D)
1 creature vanquished.

Grand Total: 443 creatures vanquished

Notes
Turn   | Place    | Note
-------+----------+-------------------------------------------
     0 | D        | esc the Demonspawn Gladiator began the quest for the Orb.
     0 | D        | Reached XP level 1. HP: 16/16 MP: 1/1
    42 | D        | Found a radiant altar of Vehumet.
    42 | D        | Found a hide-covered altar of Uskayaw.
    42 | D        | Found an ancient bone altar of Kikubaaqudgha.
    42 | D        | Found a viscous altar of Jiyva.
    42 | D        | Found a hazy altar of Hepliaklqana.
    43 | D        | Found a bloodstained altar of Trog.
    43 | D        | Found a deep blue altar of Sif Muna.
    43 | D        | Found a sacrificial altar of Ru.
    43 | D        | Found a stormy altar of Qazlal.
    43 | D        | Found an iron altar of Okawaru.
    43 | D        | Found a sparkling altar of Nemelex Xobeh.
    43 | D        | Found an opulent altar of Gozag.
    43 | D        | Found a blossoming altar of Fedhas.
    43 | D        | Found a white marble altar of Elyvilon.
    43 | D        | Found a shadowy altar of Dithmenos.
    43 | D        | Found a snail-covered altar of Cheibriados.
    44 | D        | Found a burning altar of Makhleb.
    44 | D        | Found a glowing golden altar of the Shining One.
    44 | D        | Found a glowing silver altar of Zin.
    44 | D        | Found a basalt altar of Yredelemnul.
    44 | D        | Found a shimmering altar of Xom.
    44 | D        | Found a roughly hewn altar of Beogh.
    45 | D        | Found a corrupted altar of Lugonu.
    45 | D        | Found an ornate altar of the Wu Jian Council.
    45 | D        | Found a shattered altar of Ashenzari.
    55 | D        | Became a worshipper of the Wu Jian Council
    72 | D        | Reached skill level 3 in Polearms
    72 | D        | Reached skill level 1 in Armour
    72 | D        | Reached skill level 3 in Dodging
    72 | D        | Gained mutation: A weak demonic guardian rushes to your aid. [demonic ancestry]
    72 | D        | Reached XP level 2. HP: 23/23 MP: 2/2
    75 | D        | Reached skill level 3 in Fighting
    75 | D        | Reached skill level 2 in Armour
   112 | D        | Reached * piety under Wu Jian
   118 | D        | Reached XP level 3. HP: 19/29 MP: 3/3
   119 | D        | Reached skill level 4 in Polearms
   278 | D        | Noticed a floating eye
   279 | D        | Noticed a scorpion
   279 | D        | Noticed a floating eye
   282 | D        | Paralysed by a floating eye for 2 turns
   282 | D        | Killed a floating eye
   282 | D        | Reached ** piety under Wu Jian
   282 | D        | Reached skill level 4 in Fighting
   282 | D        | Reached skill level 3 in Armour
   282 | D        | Reached skill level 4 in Dodging
   282 | D        | Reached XP level 4. HP: 38/38 MP: 4/4
   283 | D        | Reached skill level 5 in Polearms
   284 | D        | Killed a floating eye
   284 | D        | Reached skill level 5 in Fighting
   284 | D        | Reached skill level 6 in Polearms
   284 | D        | Reached skill level 4 in Armour
   284 | D        | Reached skill level 5 in Dodging
   284 | D        | Gained mutation: You sometimes gain a little power by taking damage. [demonic ancestry]
   284 | D        | Reached XP level 5. HP: 46/46 MP: 5/5
   285 | D        | Reached skill level 6 in Fighting
   285 | D        | Reached skill level 5 in Armour
   285 | D        | Reached skill level 6 in Dodging
   370 | D        | Noticed a deep elf mage
   388 | D        | Reached *** piety under Wu Jian
   400 | D        | Reached XP level 6. HP: 40/53 MP: 6/6
   414 | D        | Reached **** piety under Wu Jian
   417 | D        | Reached skill level 7 in Fighting
   417 | D        | Reached skill level 6 in Armour
   602 | D        | Killed a deep elf mage
   602 | D        | Reached skill level 8 in Fighting
   602 | D        | Reached skill level 8 in Polearms
   602 | D        | Reached skill level 7 in Armour
   602 | D        | Reached skill level 8 in Dodging
   602 | D        | Reached XP level 7. HP: 49/63 MP: 7/7
   681 | D        | Reached ***** piety under Wu Jian
   685 | D        | Noticed Harold
   703 | D        | Killed Harold
   703 | D        | Reached skill level 10 in Fighting
   703 | D        | Reached skill level 9 in Polearms
   703 | D        | Reached skill level 9 in Armour
   703 | D        | Gained mutation: You have a pair of small horns on your head. [demonic ancestry]
   703 | D        | Reached XP level 8. HP: 62/72 MP: 8/8
   826 | D        | Noticed a swamp dragon
   833 | D        | Reached skill level 10 in Polearms
   836 | D        | Reached XP level 9. HP: 44/79 MP: 9/9
   838 | D        | Killed a swamp dragon
   838 | D        | Reached skill level 11 in Fighting
   838 | D        | Reached skill level 10 in Armour
   838 | D        | Reached skill level 9 in Dodging
   855 | D        | HP: 20/81 [poison (poison gas)]
   862 | D        | HP: 18/81 [poison (poison gas)]
   869 | D        | HP: 18/81 [poison (poison gas)]
   877 | D        | HP: 18/81 [poison (poison gas)]
  1253 | D        | Noticed a phantasmal warrior
  1260 | D        | Killed a phantasmal warrior
  1417 | D        | Noticed an orc knight
  1417 | D        | Noticed a phantasmal warrior
  1417 | D        | Noticed a gargoyle
  1417 | D        | Noticed a merfolk siren
  1433 | D        | Killed a gargoyle
  1433 | D        | Reached skill level 11 in Polearms
  1434 | D        | Reached skill level 10 in Dodging
  1436 | D        | Killed a phantasmal warrior
  1445 | D        | HP: 15/82 [orc warrior/war axe[an orc knight] (12)]
  1445 | D        | HP: 5/82 [orc knight/great sword (10)]
  1447 | D        | Killed an orc knight
  1447 | D        | Reached skill level 12 in Fighting
  1447 | D        | Reached skill level 11 in Armour
  1447 | D        | Gained mutation: You have a somewhat thin skeletal structure. (Dex +2, Stealth) [demonic ancestry]
  1447 | D        | Reached XP level 10. HP: 32/89 MP: 10/10
  1447 | D        | Reached ****** piety under Wu Jian
  1450 | D        | Killed a merfolk siren
  1792 | D        | Reached skill level 12 in Polearms
  1792 | D        | Reached skill level 11 in Dodging
  1798 | D        | Reached skill level 13 in Fighting
  1798 | D        | Noticed Rupert
  1800 | D        | Noticed a shadow wraith
  1800 | D        | Reached skill level 12 in Armour
  1801 | D        | Killed a shadow wraith
  1803 | D        | Noticed a wolf spider
  1803 | D        | Killed Rupert
  1803 | D        | Reached skill level 13 in Polearms
  1803 | D        | Reached skill level 12 in Dodging
  1803 | D        | Gained mutation: A demonic guardian rushes to your aid. [demonic ancestry]
  1803 | D        | Reached XP level 11. HP: 44/99 MP: 11/11
  1806 | D        | Killed a wolf spider
  1806 | D        | Reached skill level 14 in Fighting
  1811 | D        | Reached skill level 13 in Armour
  2250 | D        | Noticed a death knight
  2255 | D        | Noticed Josephine
  2258 | D        | Killed a death knight
  2259 | D        | Noticed a two-headed ogre
  2259 | D        | Reached skill level 13 in Dodging
  2260 | D        | Killed a two-headed ogre
  2260 | D        | Reached skill level 14 in Polearms
  2261 | D        | Killed Josephine
  2261 | D        | Reached skill level 15 in Fighting
  2376 | D        | Got the +0 robe of Soucaan {rC+ Dex+3}
  2609 | D        | Reached skill level 2 in Shields
  2742 | D        | Noticed a deep elf mage
  2821 | D        | Reached skill level 3 in Shields
  2828 | D        | Noticed an orc knight
  2838 | D        | Killed an orc knight
  2838 | D        | Reached skill level 4 in Shields
  2838 | D        | Reached XP level 12. HP: 88/109 MP: 12/12
  2839 | D        | Reached skill level 5 in Shields
  2987 | D        | Noticed a minotaur
  2998 | D        | Killed a minotaur
  2998 | D        | Reached skill level 14 in Armour
  3123 | D        | Noticed a vampire mage
  3241 | D        | Killed a vampire mage
  3459 | D        | Noticed an orc warlord
  3509 | D        | Noticed an orc warlord
  3514 | D        | Killed an orc warlord
  3514 | D        | Reached skill level 14 in Dodging
  3582 | D        | Noticed a death cob
  3585 | D        | Killed a death cob
  3585 | D        | Reached skill level 16 in Fighting
  3620 | D        | Reached skill level 15 in Armour
  3622 | D        | Killed an orc warlord
  3864 | D        | Reached skill level 15 in Dodging
  3976 | D        | Noticed a naga warrior
  3996 | D        | Killed a naga warrior
  3996 | D        | Reached skill level 17 in Fighting
  4086 | D        | Noticed a naga warrior
  4096 | D        | Killed a naga warrior
  4109 | D        | Noticed a naga warrior
  4112 | D        | Noticed an anaconda
  4113 | D        | bleh
  4127 | D        | Killed a naga warrior
  4146 | D        | Killed an anaconda
  4146 | D        | Reached skill level 16 in Armour
  4146 | D        | Gained mutation: You have a moderately thin skeletal structure. (Dex +4, Stealth+) [demonic ancestry]
  4146 | D        | Reached XP level 13. HP: 105/120 MP: 13/13
  4181 | D        | Reached skill level 6 in Shields
  4220 | D        | Got the +2 pair of gloves "Meh Ryve" {Dex+2}
  4222 | D        | Got the +7 chain mail "Beissik" {-Tele *Slow +Fly MR+++}
  4328 | D        | Reached skill level 7 in Shields
  4337 | D        | Reached skill level 18 in Fighting
  4337 | D        | Reached skill level 8 in Shields
  4615 | D        | Reached skill level 9 in Shields
  4619 | D        | Noticed a fire dragon
  4626 | D        | Killed a fire dragon
  4626 | D        | Reached skill level 10 in Shields
  4628 | D        | Noticed a minotaur
  4630 | D        | Reached skill level 11 in Shields
  4635 | D        | Killed a minotaur
  4635 | D        | Reached skill level 12 in Shields
  4640 | D        | Noticed a nagaraja
  4648 | D        | Killed a nagaraja
  4648 | D        | Reached skill level 13 in Shields
  4986 | D        | Got the +4 ring mail of the Armoured One {*Drain rF+ rC+}
  5209 | D        | Noticed a death ooze
  5209 | D        | Noticed an azure jelly
  5210 | D        | Noticed a bone dragon
  5215 | D        | Reached skill level 14 in Shields
  5217 | D        | Killed an azure jelly
  5221 | D        | Killed a bone dragon
  5221 | D        | Reached skill level 15 in Shields
  5223 | D        | Killed a death ooze
  5223 | D        | Reached XP level 14. HP: 123/131 MP: 14/14
  5226 | D        | Paralysed by a great orb of eyes for 6 turns
  5235 | D        | Reached skill level 19 in Fighting
  5314 | D        | Noticed a war gargoyle
  5328 | D        | Killed a war gargoyle
  5344 | D        | Reached skill level 16 in Shields
  5365 | D        | Noticed a green draconian scorcher
  5371 | D        | Killed a green draconian scorcher
  5371 | D        | Noticed a nagaraja
  5388 | D        | Noticed a lich
  5390 | D        | Killed a lich
  5390 | D        | Reached skill level 20 in Fighting
  5393 | D        | Killed a nagaraja
  5393 | D        | Reached skill level 17 in Shields
  5591 | D        | Noticed a purple draconian stormcaller
  5610 | D        | Killed a purple draconian stormcaller
  5611 | D        | Noticed a deep elf sorcerer
  5617 | D        | Killed a deep elf sorcerer
  5617 | D        | Reached skill level 21 in Fighting
  5922 | D        | Noticed a lich
  5928 | D        | Noticed a reaper
  5930 | D        | Noticed an Ice Fiend
  5931 | D        | Killed a lich
  5931 | D        | Reached skill level 18 in Shields
  6223 | D        | Noticed a balrug
  6227 | D        | Killed a balrug
  6229 | D        | Noticed a yellow draconian annihilator
  6236 | D        | Killed a yellow draconian annihilator
  6343 | D        | Noticed a deep elf sorcerer
  6346 | D        | Killed a deep elf sorcerer
  6417 | D        | Got the ring of Urachos {rPois rF+ rN+ Str+7 Int-4}
  6442 | D        | Got the ring of Ephemeral Luck {-Tele rElec EV+6 Dex+3}
  6461 | D        | Got the amulet "Zueqawa" {+Rage rC+ Slay+6}
  6463 | D        | Got the amulet "Acuryi Saga" {*Contam +Fly Regen+ Str+10 SInv}
  6467 | D        | Got the ring of Noon {Int+3 Dex+7 Slay+5}
  6471 | D        | Got the ring "Zeil" {rC++ rN+ Int-3 Slay+2 SInv}
  6474 | D        | Got the amulet "Kuikeu" {Reflect rF+++ Str-5 Int+4 Dex+3 SH+6}
  6489 | D        | Noticed a sphinx
  6493 | D        | Killed a sphinx
  6493 | D        | Reached skill level 22 in Fighting
  6587 | D        | Noticed an apis
  6595 | D        | Killed an apis
  6595 | D        | Reached skill level 19 in Shields
  6706 | D        | Reached skill level 17 in Armour
  6706 | D        | Gained mutation: You sometimes gain power by taking damage. [demonic ancestry]
  6706 | D        | Reached XP level 15. HP: 146/146 MP: 15/15
  6719 | D        | Reached skill level 15 in Polearms
  6756 | D        | Paralysed by something for 6 turns
  6760 | D        | HP: 23/148 [??? (16)]
  6761 | D        | HP: 5/148 [vampire knight/enchanted glaive (7)]
  6958 | D        | Reached skill level 16 in Polearms
  7151 | D        | Noticed a nagaraja
  7151 | D        | Noticed a sphinx
  7162 | D        | Paralysed by a sphinx for 3 turns
  7179 | D        | Killed a sphinx
  7179 | D        | Killed a nagaraja
  7428 | D        | Noticed an iron dragon
  7429 | D        | Noticed a nagaraja
  7457 | D        | Reached skill level 20 in Shields
  7473 | D        | Killed a nagaraja
  7473 | D        | Reached skill level 23 in Fighting
  7473 | D        | Reached skill level 17 in Polearms
  7473 | D        | Reached skill level 18 in Armour
  7475 | D        | Killed an iron dragon
  7551 | D        | Noticed a greater mummy
  7630 | D        | Killed a greater mummy
  7630 | D        | Reached skill level 18 in Polearms
  7907 | D        | Noticed a shadow dragon
  7943 | D        | Noticed Ilsuiw
  7957 | D        | Killed Ilsuiw
  7979 | D        | Killed a ghost moth
  7979 | D        | Reached skill level 19 in Armour
  8065 | D        | Noticed a hellephant
  8119 | D        | Killed a shadow dragon
  8124 | D        | Killed a hellephant
  8124 | D        | Reached skill level 21 in Shields
  8138 | D        | Noticed a fire giant
  8181 | D        | Killed a fire giant
  8181 | D        | Reached skill level 24 in Fighting
  8274 | D        | Noticed a deep elf blademaster
  8284 | D        | Killed a deep elf blademaster
  8284 | D        | Reached skill level 19 in Polearms
  8284 | D        | Gained mutation: You have an unnaturally thin skeletal structure. (Dex +6, Stealth++) [demonic ancestry]
  8284 | D        | Reached XP level 16. HP: 159/159 MP: 16/16
  8599 | D        | Noticed Louise
  8613 | D        | Reached skill level 20 in Armour
  8625 | D        | Killed Louise
  8625 | D        | Reached skill level 22 in Shields
  8630 | D        | Reached skill level 20 in Polearms
  8632 | D        | Reached skill level 25 in Fighting
  8671 | D        | Reached skill level 21 in Armour
  8718 | D        | Got a silver rune of Zot
  8746 | D        | Got the ring of Houlow {AC+6 Str+4}
  9060 | D        | Reached skill level 23 in Shields
  9068 | D        | Reached skill level 26 in Fighting
  9076 | D        | Noticed a storm dragon
  9076 | D        | Noticed a curse toe
  9079 | D        | Killed a storm dragon
  9079 | D        | Killed a curse toe
  9079 | D        | Reached skill level 22 in Armour
  9081 | D        | Noticed a deep elf blademaster
  9083 | D        | Killed a deep elf blademaster
  9083 | D        | Reached XP level 17. HP: 108/173 MP: 17/17
  9084 | D        | Noticed Serchaut the pandemonium lord
  9088 | D        | Noticed a Brimstone Fiend
  9093 | D        | Killed Serchaut the pandemonium lord
  9093 | D        | Reached skill level 27 in Fighting
  9093 | D        | Reached skill level 24 in Shields
  9095 | D        | Killed a Brimstone Fiend
  9095 | D        | Reached skill level 23 in Armour
  9119 | D        | Noticed a Killer Klown
  9122 | D        | Killed a Killer Klown
  9122 | D        | Reached skill level 25 in Shields
  9124 | D        | Noticed Esumy the pandemonium lord
  9126 | D        | HP: 37/174 [??? (28)]
  9127 | D        | Killed Esumy the pandemonium lord
  9127 | D        | Reached skill level 24 in Armour
  9128 | D        | HP: 14/174 [??? (8)]
  9609 | D        | Noticed Nikola
  9611 | D        | Killed Nikola
  9629 | D        | Noticed a Killer Klown
  9630 | D        | Noticed the 27-headed Lernaean hydra
  9630 | D        | Noticed a Hell Sentinel
  9636 | D        | Killed a Killer Klown
  9636 | D        | Reached skill level 26 in Shields
  9637 | D        | Killed the 27-headed Lernaean hydra
  9637 | D        | Reached skill level 25 in Armour
  9638 | D        | Killed a Hell Sentinel
  9852 | D        | Noticed an electric golem
  9859 | D        | Reached skill level 1 in Evocations
  9862 | D        | Reached skill level 2 in Evocations
  9863 | D        | Killed an electric golem
  9863 | D        | Reached skill level 3 in Evocations
  9865 | D        | Reached skill level 21 in Polearms
  9867 | D        | Paralysed by a vampire knight for 4 turns
  9872 | D        | Reached skill level 4 in Evocations
 10073 | D        | Reached skill level 5 in Evocations
 10076 | D        | Noticed a deep elf master archer
 10101 | D        | Reached skill level 16 in Dodging
 10106 | D        | Killed a deep elf master archer
 10106 | D        | Reached skill level 27 in Shields
 10106 | D        | Reached skill level 6 in Evocations
 10157 | D        | Noticed Boris
 10157 | D        | Noticed a curse toe
 10157 | D        | Noticed an Orb Guardian
 10157 | D        | Noticed an Orb Guardian
 10157 | D        | Noticed an Orb Guardian
 10158 | D        | Noticed an Orb Guardian
 10177 | D        | Killed an Orb Guardian
 10177 | D        | Gained mutation: You have a pair of horns on your head. [demonic ancestry]
 10177 | D        | Reached XP level 18. HP: 182/182 MP: 21/23
 10178 | D        | Killed an Orb Guardian
 10178 | D        | Reached skill level 7 in Evocations
 10178 | D        | Killed an Orb Guardian
 10178 | D        | Reached skill level 26 in Armour
 10185 | D        | Killed an Orb Guardian
 10185 | D        | Reached skill level 8 in Evocations
 10188 | D        | Killed a curse toe
 10188 | D        | Reached skill level 17 in Dodging
 10188 | D        | Reached skill level 9 in Evocations
 10196 | D        | Killed Boris
 10196 | D        | Reached skill level 22 in Polearms
 10299 | D        | Reached skill level 10 in Evocations
 10306 | D        | Noticed an Orb Guardian
 10313 | D        | Noticed an Orb Guardian
 10314 | D        | Killed an Orb Guardian
 10317 | D        | Noticed Jory
 10317 | D        | Reached skill level 11 in Evocations
 10318 | D        | Killed an Orb Guardian
 10318 | D        | Noticed Ereshkigal
 10336 | D        | Noticed an Ice Fiend
 10338 | D        | Killed Ereshkigal
 10338 | D        | Reached skill level 18 in Dodging
 10338 | D        | Reached skill level 12 in Evocations
 10339 | D        | Killed Jory
 10339 | D        | Reached skill level 27 in Armour
 10339 | D        | Reached skill level 13 in Evocations
 10339 | D        | Noticed a tentacled monstrosity
 10358 | D        | Killed a tentacled monstrosity
 10358 | D        | Reached skill level 23 in Polearms
 10531 | D        | Noticed Kiongepp the pandemonium lord
 10538 | D        | Killed Kiongepp the pandemonium lord
 10538 | D        | Reached skill level 19 in Dodging
 10598 | D        | Noticed an Orb Guardian
 10598 | D        | Noticed an orb of fire
 10602 | D        | Noticed an orb of fire
 10603 | D        | Killed an Orb Guardian
 10603 | D        | Reached skill level 14 in Evocations
 10603 | D        | Killed an orb of fire
 10603 | D        | Reached skill level 15 in Evocations
 10605 | D        | Gained mutation: You are clumsy. (Dex -2) [an orb of fire]
 10607 | D        | Killed an orb of fire
 10607 | D        | Reached skill level 24 in Polearms
 10607 | D        | Reached skill level 20 in Dodging
 10607 | D        | Reached skill level 16 in Evocations
 10850 | D        | Noticed an Orb Guardian
 10856 | D        | Killed an Orb Guardian
 10856 | D        | Noticed an Orb Guardian
 10859 | D        | Noticed an Orb Guardian
 10861 | D        | Killed an Orb Guardian
 10868 | D        | Killed an Orb Guardian
 10940 | D        | Reached skill level 17 in Evocations
 10953 | D        | Reached skill level 21 in Dodging
 10953 | D        | Reached XP level 19. HP: 168/189 MP: 31/31
 10954 | D        | Noticed Coklisee the pandemonium lord
 10969 | D        | Killed Coklisee the pandemonium lord
 10969 | D        | Reached skill level 25 in Polearms
 10969 | D        | Reached skill level 18 in Evocations
 11091 | D        | Reached skill level 22 in Dodging
 11104 | D        | Reached skill level 19 in Evocations
 11152 | D        | Noticed a Tzitzimitl
 11156 | D        | Killed a Tzitzimitl
 11162 | D        | Noticed a curse toe
 11179 | D        | Killed a curse toe
 11422 | D        | Noticed a Tzitzimitl
 11439 | D        | Killed a Tzitzimitl
 11439 | D        | Reached skill level 26 in Polearms
 11439 | D        | Reached skill level 20 in Evocations
 11441 | D        | Noticed Luxevasuwk the pandemonium lord
 11457 | D        | Killed Luxevasuwk the pandemonium lord
 11457 | D        | Reached skill level 23 in Dodging
 11487 | D        | Noticed Qeoso Fouttu the pandemonium lord
 11490 | D        | Reached skill level 21 in Evocations
 11493 | D        | Noticed an orb of fire
 11495 | D        | Noticed Dissolution
 11495 | D        | Noticed a Brimstone Fiend
 11496 | D        | Noticed Frederick
 11496 | D        | Killed Qeoso Fouttu the pandemonium lord
 11496 | D        | Reached skill level 27 in Polearms
 11496 | D        | Reached skill level 24 in Dodging
 11496 | D        | Reached skill level 22 in Evocations
 11498 | D        | Killed a Brimstone Fiend
 11498 | D        | Reached skill level 25 in Dodging
 11498 | D        | Reached skill level 23 in Evocations
 11498 | D        | Gained mutation: You have a pair of large horns on your head. [an orb of fire]
 11499 | D        | Killed an orb of fire
 11501 | D        | Killed Dissolution
 11501 | D        | Reached skill level 26 in Dodging
 11501 | D        | Reached skill level 24 in Evocations
 11501 | D        | Reached XP level 20. HP: 111/196 MP: 34/36
 11501 | D        | Killed Frederick
 11501 | D        | Reached skill level 25 in Evocations
 11504 | D        | Reached skill level 27 in Dodging
 11506 | D        | Reached skill level 26 in Evocations
 11508 | D        | Noticed Gukkajan the pandemonium lord
 11508 | D        | Killed Gukkajan the pandemonium lord
 11539 | D        | Noticed a curse toe
 11614 | D        | Reached skill level 27 in Evocations
 11614 | D        | Reached skill level 2 in Throwing
 11614 | D        | Reached skill level 2 in Unarmed Combat
 11614 | D        | Reached skill level 2 in Spellcasting
 11615 | D        | Noticed a golden dragon
 11616 | D        | Noticed an ancient lich
 11619 | D        | Reached skill level 4 in Throwing
 11619 | D        | Reached skill level 3 in Unarmed Combat
 11619 | D        | Reached skill level 3 in Spellcasting
 11622 | D        | Reached skill level 5 in Throwing
 11622 | D        | Reached skill level 4 in Unarmed Combat
 11622 | D        | Reached skill level 4 in Spellcasting
 11622 | D        | HP: 37/196 [??? (34)]
 11624 | D        | HP: 12/196 [golden dragon/bolt of cold (11)]
 11625 | D        | Killed from afar by an ancient lich

Vault maps used:
D:        pitsprint

Skill      XL: |  1  2  3  4  5  6  7  8  9 10 11 12 13 14 15 16 17 18 19 20 |
---------------+-------------------------------------------------------------+-----
Polearms       | 3 4 6 8 9 10 11 13 14 19 20 21 24 27 | 27.0
Armour         | 1 2 3 4 5 7 9 11 12 13 16 17 19 22 25 27 | 27.0
Dodging        | 3 4 5 6 8 10 12 13 15 16 21 26 27 | 27.0
Fighting       | 3 4 5 6 8 10 12 13 15 17 18 22 24 26 27 | 27.0
Shields        | 4 5 15 19 21 23 27 | 27.0
Evocations     | 6 17 24 27 | 27.0
Throwing       | 5 |  5.2
Unarmed Combat | 4 |  4.7
Spellcasting   | 4 |  4.8

Action                   |  1- 3 |  4- 6 |  7- 9 | 10-12 | 13-15 | 16-18 | 19-21 || total
-------------------------+-------+-------+-------+-------+-------+-------+-------++-------
Melee: Trident           |    27 |    15 |   118 |    60 |       |       |       ||   220
       Headbutt          |       |       |    17 |    74 |   222 |   189 |    58 ||   560
       Demon trident     |       |       |       |   224 |   597 |   144 |       ||   965
       Lance             |       |       |       |       |       |   435 |   222 ||   657
Throw: Stone             |       |       |       |     2 |       |       |       ||     2
Invok: Serpent's Lash    |       |       |     4 |     8 |    17 |    11 |     5 ||    45
       Heaven On Earth   |       |       |     1 |     2 |     1 |     4 |     2 ||    10
  Use: Potion            |     1 |     1 |     2 |     2 |     3 |     4 |     1 ||    14
       Scroll            |       |       |     1 |     3 |       |     1 |       ||     5
 Stab: Distracted        |       |       |     1 |    10 |     5 |     6 |     4 ||    26
  Eat: Chunk             |       |       |     2 |     2 |     1 |       |       ||     5
       Bread ration      |       |       |       |     2 |     3 |     3 |     1 ||     9
Armor: Leather armour    |     6 |     3 |       |       |       |       |       ||     9
       Scale mail        |       |       |     6 |       |       |       |       ||     6
       Ring mail         |       |       |    10 |    12 |       |       |       ||    22
       Chain mail        |       |       |       |     1 |     4 |       |       ||     5
       Plate armour      |       |       |       |       |   123 |    92 |    17 ||   232
Dodge: Dodged            |    22 |     6 |    54 |    64 |   140 |   128 |    35 ||   449
Block: Buckler           |       |       |       |    15 |    21 |       |       ||    36
       Large shield      |       |       |       |       |   195 |   219 |    55 ||   469

Vault maps used:
D:        pitsprint

Table legend:
 A = Turns spent in this place as a percentage of turns spent in the entire game.
 B = Non-inter-level travel turns spent in this place as a percentage of non-inter-level travel turns spent in the entire game.
 C = Inter-level travel turns spent in this place as a percentage of turns spent in this place.
 D = Turns resting spent in this place as a percentage of non-inter-level travel turns spent in this place.
 E = Turns spent auto-exploring this place as a percentage of non-inter-level travel turns spent in this place.
 F = Non-inter-level travel turns spent in this place divided by the number of levels of this place that you've seen.
                   A       B       C       D       E      F
               +-------+-------+-------+-------+-------+----------------------
         Total | 100.0 | 100.0 |   0.2 |   5.1 |   0.1 | 5082.0
       Dungeon | 100.0 | 100.0 |   0.2 |   5.1 |   0.1 | 5082.0
               +-------+-------+-------+-------+-------+----------------------

Table legend:
 A = Kills in this place as a percentage of kills in entire the game.
 B = Kills by you in this place as a percentage of kills by you in the entire game.
 C = Kills by friends in this place as a percentage of kills by friends in the entire game.
 D = Other kills in this place as a percentage of other kills in the entire game.
 E = Experience gained in this place as a percentage of experience gained in the entire game.
 F = Experience gained in this place divided by the number of levels of this place that you have seen.
                   A       B       C       D       E      F
               +-------+-------+-------+-------+-------+----------------------
         Total | 100.0 | 100.0 | 100.0 | 100.0 | 100.0 | 513949.0
       Dungeon | 100.0 | 100.0 | 100.0 | 100.0 | 100.0 | 513949.0
               +-------+-------+-------+-------+-------+----------------------
